 Dungeon Crawl Stone Soup version 0.27-a0-1595-g0b823d0a13 (webtiles) character file.

Game seed: 8821787889348142795

295052 Wyvernaa the Peltast (level 20, -3/160 HPs)
             Began as a Vine Stalker Fighter on July 17, 2021.
             Was a Follower of Uskayaw.
             Slain by a grey draconian monk (8 damage)
             ... summoned by the Statue of Wucad Mu
             ... in a wizard's laboratory on July 21, 2021.
             The game lasted 02:58:44 (45221 turns).

Wyvernaa the Peltast (Vine Stalker Fighter)        Turns: 45221, Time: 02:58:44

Health: -3/160     AC: 30    Str: 27    XL:     20   Next: 87%
Magic:  0/48       EV:  2    Int:  8    God:    Uskayaw [*.....]
Gold:   1566       SH: 27    Dex: 15    Spells: 48/48 levels left

rFire    + + .     SeeInvis .   a - +9 rapier (vorpal)
rCold    + . .     Faith    .   C - +0 tower shield
rNeg     + + +     Spirit   +   (armour currently unavailable)
rPois    +         Reflect  +   (helmet currently unavailable)
rElec    +         Harm     .   (cloak currently unavailable)
rCorr    +         Rampage  .   (gloves currently unavailable)
Will     +++++     NoTele   +   (boots currently unavailable)
Stlth    +++.......             B - amulet of reflection
HPRegen  1.36/turn              e - ring "Pypput" {rElec Will+ rCorr}
MPRegen  0.31/turn              b - ring "Asmidd" {rElec rF+ Will++ MP+9 Stlth-}

@: tree-form, resistant, flayed, studying Fighting
A: stationary, stasis, torment immunity, boosted hp, (fangs 3), regeneration 1,
magic shield, (antimagic bite), no potion heal 2
}: 2/15 runes: decaying, gossamer
a: Renounce Religion, Stomp


You were in a wizard's laboratory.
You worshipped Uskayaw.
Uskayaw was pleased with you.
You were a tree.
You visited 7 branches of the dungeon, and saw 35 of its levels.
You also visited: Gauntlet, Volcano and Wizlab.

You collected 4243 gold pieces.
You spent 2677 gold pieces at shops.

Inventory:

Hand Weapons
 a - a +9 vorpal rapier (weapon)
 c - a +7 antimagic demon whip
 T - a +1 rapier of electrocution
 U - the +6 scimitar of Ubinedir {flame, Str+4}
   (You found it on level 5 of the Lair of Beasts)

   It burns those it strikes, dealing additional fire damage.
   Big, fiery blades are also staple armaments of hydra-hunters.
   Str:       It affects your strength (+4).
Missiles
 m - a curare-tipped dart
 E - 3 throwing nets (quivered)
Armour
 d - a +2 plate armour of willpower (melded)
 k - a +0 helmet of intelligence
 r - a +1 cloak (melded)
 s - a +1 scale mail of fire resistance
 u - a +2 helmet (melded)
 C - a +0 tower shield (worn)
 H - +0 shadow dragon scales
 K - a scarf of repulsion
 M - the +1 pair of gloves "Soored" (melded) {rC+ Str+3}
   (You acquired it on level 2 of the Orcish Mines)

   Str:       It affects your strength (+3).
   rC:        It protects you from cold.
 N - a +2 pair of boots (melded)
Jewellery
 b - the ring "Asmidd" (right branch) {rElec rF+ Will++ MP+9 Stlth-}
   (You bought it in a shop on level 2 of the Orcish Mines)

   [ring of protection from fire]

   rF:        It protects you from fire.
   rElec:     It insulates you from electricity.
   MP:        It affects your magic capacity (+9).
   Will:      It greatly increases your willpower.
   Stlth:     It makes you less stealthy.
 e - the ring "Pypput" (left branch) {rElec Will+ rCorr}
   (You took it off an orc sorcerer on level 13 of the Dungeon)

   [ring of resist corrosion]

   rElec:     It insulates you from electricity.
   rCorr:     It protects you from acid and corrosion.
   Will:      It increases your willpower.
 f - a ring of flight
 j - an amulet of regeneration
 l - a ring of positive energy
 t - a +6 ring of intelligence
 v - a ring of poison resistance
 B - an amulet of reflection (around neck)
 I - a ring of protection from cold
 R - an amulet of faith
Wands
 i - a wand of charming (22)
 q - a wand of acid (10)
 y - a wand of mindburst (52)
 F - a wand of flame (97)
 G - a wand of paralysis (24)
 P - a wand of iceblast (40)
 Q - a wand of polymorph (29)
Scrolls
 g - 7 scrolls of amnesia
 h - 7 scrolls of identify
 S - a scroll of fog
Potions
 n - 5 potions of curing
 o - 5 potions of cancellation
 p - 7 potions of brilliance
 w - 6 potions of haste
 x - 6 potions of flight
 z - 3 potions of lignification
 D - 6 potions of ambrosia
 J - 3 potions of magic
 L - 5 potions of mutation


   Skills:
 + Level 12.2 Fighting
 - Level 13.8(14.0) Short Blades
 - Level 3.2(9.8) Long Blades
 * Level 6.1 Maces & Flails
 + Level 11.7 Armour
 + Level 4.6 Dodging
 - Level 10.3 Stealth
 * Level 15.8 Shields
 * Level 14.6 Spellcasting
 * Level 13.4 Invocations
 + Level 2.9 Evocations


You had 48 spell levels left.
You didn't know any spells.
Your spell library contained the following spells:

 Spells                   Type           Power      Damage    Failure   Level
 Magic Dart               Conj           20%        1d4       30%         1
 Shock                    Conj/Air       20%        1d4       30%         1
 Call Imp                 Summ           5%         N/A       43%         2
 Ensorcelled Hibernation  Hex/Ice        10%        N/A       43%         2
 Poisonous Vapours        Pois/Air       10%        N/A       43%         2
 Sublimation of Blood     Necr           2%         N/A       43%         2
 Wereblood                Tmut           5%         N/A       43%         2
 Conjure Flame            Conj/Fire      5%         6-21      67%         3
 Dazzling Flash           Conj/Hex       10%        N/A       67%         3
 Ignite Poison            Fire/Tmut/Pois 5%         N/A       67%         3
 Mephitic Cloud           Conj/Pois/Air  5%         N/A       67%         3
 Ozocubu's Armour         Ice            5%         N/A       67%         3
 Portal Projectile        Hex/Tloc       10%        N/A       67%         3
 Spider Form              Tmut/Pois      2%         N/A       67%         3
 Swiftness                Air            5%         N/A       67%         3
 Tukima's Dance           Hex            5%         N/A       67%         3
 Airstrike                Air            2%         N/A       97%         4
 Fulminant Prism          Conj/Hex       2%         3d6       97%         4
 Iskenderun's Mystic Bla  Conj/Tloc      5%         2d3       97%         4
 Passage of Golubria      Tloc           N/A        N/A       97%         4
 Sticky Flame             Conj/Fire      5%         2d3       97%         4
 Summon Ice Beast         Ice/Summ       5%         N/A       97%         4
 Summon Lightning Spire   Summ/Air       5%         N/A       97%         4
 Alistair's Intoxication  Tmut/Pois      3%         N/A       100%        5
 Blade Hands              Tmut           2%         N/A       100%        5
 Borgnjor's Vile Clutch   Necr/Erth      2%         N/A       100%        5
 Excruciating Wounds      Necr           2%         N/A       100%        5
 Fireball                 Conj/Fire      2%         3d4       100%        5
 Freezing Cloud           Conj/Ice/Air   2%         6-21      100%        5
 Lee's Rapid Deconstruct  Erth           2%         3d6*      100%        5
 Lightning Bolt           Conj/Air       2%         1d14      100%        5
 Metabolic Englaciation   Hex/Ice        2%         N/A       100%        5
 Summon Mana Viper        Hex/Summ       5%         N/A       100%        5
 Yara's Violent Unravell  Hex/Tmut       2%         3d3       100%        5
 Eringya's Noxious Bog    Tmut/Pois      2%         N/A       100%        6
 Shadow Creatures         Summ           N/A        N/A       100%        6
 Simulacrum               Ice/Necr       2%         N/A       100%        6
 Starburst                Conj/Fire      2%         8x6d3     100%        6
 Monstrous Menagerie      Summ           2%         N/A       100%        7
 Summon Hydra             Summ           2%         N/A       100%        7
 Ignition                 Fire           2%         3d3       100%        8
 Chain Lightning          Conj/Air       2%         3d3       100%        9
 Polar Vortex             Ice            2%         N/A       100%        9


Dungeon Overview and Level Annotations

Branches:
Dungeon (15/15)            Temple (1/1) D:5            Lair (6/6) D:10
  Swamp (4/4) Lair:2       Spider (4/4) Lair:4        Slime (0/5) Lair:5
    Orc (2/2) D:10            Elf (0/3) Orc:2        Vaults (3/5) D:13
  Crypt (0/3) Vaults:3     Depths (0/5) D:15        Volcano (visited)
 WizLab (1/1)             Gauntlet (visited)

Altars:
Ashenzari
Cheibriados
Dithmenos
Elyvilon
Fedhas
Gozag
Hepliaklqana
Kikubaaqudgha
Makhleb
Nemelex Xobeh
Okawaru
Qazlal
Ru
Sif Muna
Trog
Uskayaw
Vehumet
Xom
Yredelemnul
Zin
The Shining One
Beogh
Jiyva

Shops:
Orc:2 (=[=?

Portals:
Hell: Lair:6
Trove: D:13 (show abyssal rune of Zot)

Annotations:
D:14 dangerous escape with reward
Lair:3 wand of digging? , exclusion: 4 oklob plants WizLab exclusion: orange crystal statue


Innate Abilities, Weirdness & Mutations

You are a tree.
Your roots penetrate the ground, keeping you stationary.
You cannot be teleported.
You are immune to unholy pain and torment.
Your maximum health is greatly increased.
Your equipment is partially melded.
((You have razor-sharp teeth.))
Your natural rate of healing is unusually fast.
When hurt, damage is shared between your health and your magic reserves.
((Your bite disrupts and absorbs the magic of your enemies.))
Potions cannot restore your health.


Message History

You block the grey draconian monk's attack.
You block the deep troll's attack. The deep troll claws you.
* * * LOW HITPOINT WARNING * * *
The deep troll claws you but does no damage.
A figure sits in silent meditation.
It spots you, gestures wildly, and disappears.
You block the deep troll's attack. x2; The deep troll barely misses you.
The Statue of Wucad Mu fixes its piercing gaze on you.
Something tries to feed on your intellect!
You block the grey draconian monk's attack.
The grey draconian monk kicks you but does no damage.
The grey draconian monk tail-slaps you but does no damage.
You block the grey draconian monk's attack.
Okay, then.
Okay, then.
You hit the grey draconian monk.
You bite the grey draconian monk, but do no damage.
The grey draconian monk is lightly wounded.
The deep troll bites you but does no damage.
The deep troll claws you but does no damage.
You block the deep troll's attack.
Really quaff the potion of lignification?
You turn into a tree.
Your +1 cloak melds into your body.
Your +2 helmet melds into your body.
The +1 pair of gloves "Soored" {rC+ Str+3} melds into your body.
Your +2 pair of boots melds into your body.
Your +2 plate armour of willpower melds into your body.
You feel less strong-willed.
Your roots penetrate the ground.
You block the grey draconian monk's attack. x2
The grey draconian monk tail-slaps you but does no damage.
You block the grey draconian monk's attack.
You block the deep troll's attack. x2; The deep troll claws you!
* * * LOW HITPOINT WARNING * * *
The deep troll bites you but does no damage.
The deep troll claws you.
* * * LOW HITPOINT WARNING * * *
The deep troll claws you but does no damage.
You feel protected.
You block the grey draconian monk's attack.
The grey draconian monk kicks you!
You die...

♣♣♣♣♣♣♣♣
♣♣♣♣♣♣♣♣♣♣♣♣♣♣......♣♣♣♣♣ ♣♣
♣♣...♣....♣.♣♣...........♣♣♣.♣♣
♣..............#####..........♣
♣♣.............##T..##.........♣♣
♣...........####♣TW..####.......♣
..###......##..##q..##..##.......
##.##....##....##'##....##......
##.⌠.##...#....8§....8....#♣.....
.##.##...##...............##.....
..#'#.....#.8.....8.....8.'......
.........##...............##.q...
..........#....8.....8....#♣.6...
........♣###.............##♣#..#.


You could see a grey draconian monk (summoned), a flayed ghost (summoned) and 2
deep trolls.

Vanquished Creatures
  Mara (Swamp:3)
  Bai Suzhen (Swamp:3)
  Margery (Vaults:3)
  Nikola (Swamp:4)
  Arachne (Spider:3)
  3 thorn hunters
  Donald (Spider:3)
  A fire giant (D:15)
  3 vault wardens
  3 ghost moths
  Louise (Swamp:2)
  5 ghouls (Swamp:3)
  8 emperor scorpions
  5 ironbound preservers
  A hydra zombie (Swamp:4)
  3 very ugly things
  A war gargoyle (Vaults:2)
  2 vampire knights (Swamp:4)
  A minotaur (Gauntlet)
  Azrael (D:14)
  An entropy weaver (Spider:2)
  4 spark wasps
  2 dire elephants (Vaults:1)
  6 bunyips
  An eleionoma (Swamp:4)
  A crystal guardian (Vaults:2)
  Snorg (Lair:3)
  An ettin (Orc:1)
  A deep elf high priest (Vaults:1)
  A fire dragon (shapeshifter) (D:13)
  3 yaktaur captains
  5 shambling mangroves (Swamp:4)
  9 boulder beetles
  4 great orbs of eyes
  8 vault guards (D:13)
  An ironbound thunderhulk (Vaults:1)
  3 catoblepae
  2 ogre magi
  2 peacekeepers
  22 hydras
  4 ironbound frosthearts
  11 centaur warriors
  9 alligators
  3 death knights
  5 two-headed ogres
  5 death yaks
  2 tengu warriors
  An ironbound beastmaster (Vaults:1)
  An orc high priest (Orc:1)
  9 spriggans
  Nergalle (Orc:2)
  A sun demon (Lair:6)
  5 hell knights (Vaults:3)
  A wretched star (Gauntlet)
  3 skeletal warriors
  A shadow wraith (D:15)
  22 deep trolls
  3 goliath frogs
  5 spriggan druids
  8 swamp dragons
  2 flayed ghosts (Swamp:4)
  8 ironbound convokers
  4 spectral hydras
  12 bog bodies
  3 wizards
  12 ugly things
  6 deep elf pyromancers
  A phantasmal warrior (Vaults:2)
  5 necromancers
  A deep elf zephyrmancer (D:12)
  14 orb spiders
  4 oklob plants
  5 spectral spriggans (Swamp:3)
  27 wolf spiders
  9 manticores
  A human zombie (Vaults:2)
  12 orc sorcerers
  3 will-o-the-wisps
  8 cyclopes
  2 centaur zombies
  3 moths of wrath
  6 black mambas
  7 elephants (Lair:6)
  A human skeleton (Vaults:2)
  A black mamba (shapeshifter) (D:13)
  4 vault sentinels
  Maurice (D:12)
  A stone giant skeleton (Vaults:2)
  2 molten gargoyles (Volcano)
  5 torpor snails
  2 orange demons (Lair:6)
  3 gargoyles
  17 cane toads
  11 rime drakes
  2 tengu conjurers
  4 efreet
  9 komodo dragons
  2 kobold demonologists
  3 unseen horrors
  10 yaktaurs
  10 demonic crawlers
  2 ice devils (Lair:6)
  A yaktaur skeleton (Vaults:2)
  10 freezing wraiths
  A hellwing (Lair:6)
  4 death drake zombies (Swamp:4)
  34 jumping spiders
  A jumping spider (shapeshifter) (D:14)
  7 trolls
  A meliai (shapeshifter) (D:13)
  19 tyrant leeches
  A red devil (Lair:6)
  2 hydra skeletons (Swamp:4)
  A queen bee (Lair:3)
  31 slime creatures
  11 blink frogs
  19 hornets
  12 dream sheep
  A fire giant simulacrum (Vaults:2)
  23 tarantellas
  A shadow (D:11)
  57 redbacks
  7 wyverns
  A vampire (D:11)
  2 fire elementals (D:14)
  6 fire bats (Volcano)
  A wraith (D:12)
  11 basilisks
  68 yaks
  Grum (D:8)
  An elf zombie (Vaults:2)
  A steam dragon (D:7)
  A neqoxec (Gauntlet)
  23 swamp worms
  6 wargs
  2 hydra simulacra (Swamp:4)
  3 acid dragons
  15 water moccasins
  2 human simulacra (Vaults:2)
  10 hell hounds
  13 swamp drakes
  3 ice beasts
  14 orc warriors
  2 black bears
  2 sky beasts
  A swamp dragon zombie (Swamp:4)
  A hornet zombie (D:8)
  2 boggarts
  16 wolves
  18 centaurs
  6 ogres
  4 gnoll sergeants
  A kobold brigand (D:9)
  6 scorpions
  21 bullfrogs
  39 killer bees
  4 wights
  5 howler monkeys
  2 electric eels (Spider:4)
  A crimson imp (D:4)
  6 lava snakes (Volcano)
  A jelly (D:7)
  A gnoll shaman (D:5)
  A hound (D:4)
  6 orc priests
  2 bullfrog skeletons (D:5)
  2 scorpion zombies (D:5)
  28 orc wizards
  4 iguanas
  A killer bee zombie (D:8)
  A howler monkey zombie (D:8)
  22 gnolls
  3 adders
  A river rat (Lair:3)
  A shadow imp (D:5)
  A white imp (D:4)
  An ufetubus (D:4)
  3 worms
  3 dart slugs
  45 orcs
  7 ball pythons
  11 endoplasms
  5 giant cockroaches
  4 goblins
  8 hobgoblins
  4 jackals (D:2)
  4 quokkas
  7 bats
  4 frilled lizards
  A goblin skeleton (D:4)
  A goblin zombie (D:4)
  2 hobgoblin zombies (D:4)
  9 kobolds
  A kobold skeleton (D:4)
  A kobold zombie (D:4)
  An orc skeleton (D:4)
  An orc zombie (D:4)
  9 rats
  2 briar patches (Swamp:3)
1241 creatures vanquished.

Vanquished Creatures (collateral kills)
  A red draconian (Volcano)
  A kobold demonologist (D:13)
  A vampire (D:13)
  2 kobold brigands (D:13)
  A howler monkey (D:13)
  4 kobolds (D:13)
10 creatures vanquished.

Vanquished Creatures (others)
  A swamp dragon (Swamp:3)
  A komodo dragon (Lair:6)
  6 bloated husks
  A jumping spider (Spider:1)
  A blink frog (Lair:6)
  A swamp worm (Swamp:1)
  An orc priest (Orc:2)
  7 briar patches
  A bush (Lair:4)
  10 foxfires
  15 fungi
  80 plants
125 creatures vanquished.

Grand Total: 1376 creatures vanquished

Notes
Turn   | Place    | Note
-------+----------+-------------------------------------------
     0 | D:1      | Wyvernaa the Vine Stalker Fighter began the quest for the
                  | Orb.
     0 | D:1      | Reached XP level 1. HP: 11/11 MP: 2/2
    41 | D:1      | Reached XP level 2. HP: 16/16 MP: 3/3
   337 | D:1      | Reached XP level 3. HP: 19/20 MP: 4/4
   811 | D:2      | Found a faded altar of an unknown god.
   882 | D:2      | Reached skill level 3 in Shields
   886 | D:2      | Gained mutation: Your natural rate of healing is unusually
                  | fast. [Vine Stalker growth]
   886 | D:2      | Reached XP level 4. HP: 23/24 MP: 5/5
  2413 | D:4      | Found a glowing golden altar of the Shining One.
  2559 | D:3      | Reached XP level 5. HP: 28/28 MP: 5/7
  2656 | D:4      | Found a stormy altar of Qazlal.
  2656 | D:4      | Noticed a fire elemental
  2660 | D:4      | Noticed a water elemental
  2660 | D:4      | Noticed an air elemental
  2741 | D:4      | Reached skill level 1 in Spellcasting
  2783 | D:4      | Reached XP level 6. HP: 32/32 MP: 7/9
  3058 | D:5      | Entered Level 5 of the Dungeon
  3129 | D:5      | Noticed an ice beast
  3135 | D:5      | Killed an ice beast
  3136 | D:5      | Reached XP level 7. HP: 36/36 MP: 9/11
  3429 | D:5      | Reached skill level 1 in Dodging
  3491 | D:5      | Reached skill level 4 in Shields
  3521 | D:5      | Found a staircase to the Ecumenical Temple.
  3534 | Temple   | Entered the Ecumenical Temple
  4031 | Temple   | Became a worshipper of Uskayaw the Reveller
  4085 | D:5      | Found a sparkling altar of Nemelex Xobeh.
  4115 | D:5      | Reached * piety under Uskayaw
  4119 | D:5      | Reached ** piety under Uskayaw
  4137 | D:5      | Gained mutation: You have razor-sharp teeth. [Vine Stalker
                  | growth]
  4137 | D:5      | Reached XP level 8. HP: 34/42 MP: 13/13
  4438 | D:4      | Reached skill level 5 in Short Blades
  4859 | D:6      | Found a shadowy altar of Dithmenos.
  5097 | D:6      | Reached skill level 1 in Evocations
  5522 | D:6      | Noticed a moth of wrath
  5525 | D:6      | Found a bloodstained altar of Trog.
  5934 | D:6      | Reached XP level 9. HP: 45/45 MP: 16/16
  5936 | D:6      | Reached *** piety under Uskayaw
  6613 | D:7      | Reached skill level 5 in Armour
  6749 | D:7      | Reached skill level 1 in Stealth
  6924 | D:7      | Found a burning altar of Makhleb.
  6940 | D:7      | Found a blossoming altar of Fedhas.
  6950 | D:7      | Found a basalt altar of Yredelemnul.
  7048 | D:7      | Reached skill level 5 in Spellcasting
  7329 | D:7      | Noticed a balrug
  7333 | D:7      | Noticed a smoke demon
  7333 | D:7      | Noticed a hellwing
  7457 | D:8      | Found a radiant altar of Vehumet.
  7566 | D:8      | Reached skill level 5 in Shields
  7604 | D:8      | Reached **** piety under Uskayaw
  7887 | D:8      | Noticed Grum
  7970 | D:8      | Killed Grum
  7973 | D:8      | Reached XP level 10. HP: 18/51 MP: 11/19
  8120 | D:8      | Identified the +7 quarterstaff of Exquisite Torment {venom,
                  | rElec Int-4 Dex+5}
  8899 | D:9      | Reached skill level 5 in Fighting
  8906 | D:9      | Reached skill level 6 in Shields
  9077 | D:9      | Identified the +1 hat of Uwaz {rF+ Dex-5 Stlth+}
  9261 | D:9      | Found a sacrificial altar of Ru.
  9297 | D:10     | Entered Level 10 of the Dungeon
  9297 | D:10     | Found a staircase to the Lair.
  9445 | D:10     | Identified the +1 robe "Wepp" {rC+ rN+ MP-9 Int+2}
  9521 | D:10     | Found an opulent altar of Gozag.
  9684 | D:10     | Found a staircase to the Orcish Mines.
  9695 | D:10     | Reached skill level 1 in Invocations
  9922 | D:11     | Reached XP level 11. HP: 55/56 MP: 22/22
  9980 | D:11     | Reached ***** piety under Uskayaw
  9996 | D:11     | Found a gate leading to a gauntlet.
 10001 | Gauntlet | Entered a Gauntlet
 10001 | Gauntlet | Found a transporter.
 10001 | Gauntlet | Found a runed translucent door.
 10002 | Gauntlet | Found a runed translucent door.
 10004 | Gauntlet | Found a transporter.
 10006 | Gauntlet | Found a transporter.
 10008 | Gauntlet | Noticed a necromancer
 10042 | Gauntlet | Found a transporter.
 10053 | Gauntlet | Found a runed translucent gate.
 10053 | Gauntlet | Found a runed translucent gate.
 10056 | Gauntlet | Found a runed translucent gate.
 10056 | Gauntlet | Found a transporter.
 10058 | Gauntlet | Found a transporter.
 10063 | Gauntlet | Noticed a wizard
 10064 | Gauntlet | Noticed a wizard
 10067 | Gauntlet | Found a transporter.
 10083 | Gauntlet | Found a transporter.
 10085 | Gauntlet | Noticed a hell hog
 10091 | Gauntlet | Noticed a hell hog
 10093 | Gauntlet | Found a transporter.
 10101 | Gauntlet | Noticed a wretched star
 10103 | Gauntlet | Found a transporter.
 10117 | Gauntlet | Found a transporter.
 10126 | Gauntlet | Found a transporter.
 10390 | Gauntlet | Found a transporter.
 10400 | Gauntlet | Killed a necromancer
 10501 | Gauntlet | Killed a wretched star
 10514 | Gauntlet | Identified the +4 helmet "Hiwoathra" {*Corrode +Blink rN+}
 10529 | Gauntlet | Noticed a minotaur
 10870 | Gauntlet | HP: 1/56 [minotaur (16)]
 10895 | Gauntlet | Killed a minotaur
 11066 | D:11     | Found an iron altar of Okawaru.
 11622 | D:11     | Noticed a manticore
 11949 | Lair:1   | Entered Level 1 of the Lair of Beasts
 12119 | Lair:1   | Noticed an eight-headed hydra
 12140 | Lair:1   | Killed an eight-headed hydra
 12149 | Lair:1   | Reached XP level 12. HP: 48/60 MP: 25/25
 12226 | Lair:1   | Reached skill level 7 in Shields
 12872 | Lair:2   | Reached skill level 5 in Invocations
 13081 | Lair:2   | Found a staircase to the Swamp.
 13147 | Lair:2   | Reached skill level 10 in Short Blades
 13209 | Lair:2   | Noticed a seven-headed hydra
 13221 | Lair:1   | Killed a seven-headed hydra
 13965 | Lair:3   | Reached skill level 5 in Stealth
 14034 | Lair:3   | Noticed a seven-headed hydra
 14042 | Lair:3   | Killed a seven-headed hydra
 14043 | Lair:3   | Reached XP level 13. HP: 53/66 MP: 27/27
 14148 | Lair:3   | Reached ****** piety under Uskayaw
 14254 | Lair:3   | Reached skill level 8 in Shields
 14557 | Lair:3   | Noticed Snorg
 14793 | Lair:3   | Killed Snorg
 15525 | Lair:4   | Found a hole to the Spider Nest.
 15874 | Lair:4   | Reached skill level 10 in Spellcasting
 16853 | Lair:4   | Identified the +9 battleaxe of Insufficient Pleasure
                  | {vorpal, rPois rC- rCorr Stlth+}
 17151 | Lair:3   | Reached XP level 14. HP: 65/72 MP: 29/29
 18551 | Lair:5   | Identified the +6 scimitar of Ubinedir {flame, Str+4}
 19303 | Lair:5   | Found a staircase to the Slime Pits.
 19304 | Lair:5   | Found a viscous altar of Jiyva.
 19649 | Lair:6   | Entered Level 6 of the Lair of Beasts
 19713 | Lair:6   | Found a dark tunnel.
 19717 | Volcano  | Entered a volcano
 19753 | Volcano  | Reached skill level 1 in Long Blades
 19946 | Volcano  | Found a radiant altar of Vehumet.
 19977 | Volcano  | Noticed a red draconian
 19999 | Volcano  | Killed a red draconian
 20213 | Lair:6   | Reached skill level 9 in Shields
 20336 | Lair:6   | Found a burning altar of Makhleb.
 20599 | Lair:6   | Found a gateway to Hell.
 20790 | Lair:6   | Reached XP level 15. HP: 77/77 MP: 31/31
 22803 | D:12     | Noticed Maurice
 22834 | D:12     | Killed Maurice
 23522 | D:13     | Found a gate to the Vaults.
 23675 | D:13     | Reached skill level 10 in Invocations
 23700 | D:13     | Identified the ring "Pypput" {rElec Will+ rCorr}
 23822 | D:14     | Reached XP level 16. HP: 44/83 MP: 22/33
 24354 | D:13     | Reached skill level 10 in Shields
 24407 | D:13     | Found a portal to a secret trove of treasure.
 24908 | D:13     | HP: 3/84 [freezing wraith[a death knight] (15)]
 25272 | D:14     | Found an ancient bone altar of Kikubaaqudgha.
 25376 | D:14     | Noticed Azrael
 26201 | D:14     | Killed Azrael
 26608 | D:15     | Entered Level 15 of the Dungeon
 26894 | D:15     | Found the +8 storm bow {elec, penet}
 26997 | D:15     | Found a staircase to the Depths.
 28235 | Orc:1    | Entered Level 1 of the Orcish Mines
 28752 | Orc:2    | Entered Level 2 of the Orcish Mines
 28753 | Orc:2    | Found Kichoy's Antique Weapon Shop.
 28821 | Orc:1    | Reached skill level 10 in Armour
 29313 | Orc:2    | Found a radiant altar of Vehumet.
 29328 | Orc:2    | Found Qoesid's Antique Armour Shoppe.
 29343 | Orc:2    | Noticed Nergalle
 29355 | Orc:2    | Killed Nergalle
 29356 | Orc:2    | Reached XP level 17. HP: 77/87 MP: 29/34
 29364 | Orc:2    | Found an ancient bone altar of Kikubaaqudgha.
 29405 | Orc:2    | Found Cixzim's Magic Scroll Emporium.
 29419 | Orc:2    | Found Wiwnoramp's Jewellery Emporium.
 29430 | Orc:2    | Found Iluinad's Jewellery Shoppe.
 29692 | Orc:2    | Found a staircase to the Elven Halls.
 29988 | Orc:2    | Bought a scroll of brand weapon for 300 gold pieces
 29988 | Orc:2    | Bought a scroll of acquirement for 780 gold pieces
 29989 | Orc:2    | Acquired the +1 pair of gloves "Soored" {rC+ Str+3}
 30011 | Orc:2    | Bought the ring "Asmidd" {rElec rF+ Will++ MP+9 Stlth-} for
                  | 713 gold pieces
 30037 | Orc:2    | Bought a shiny plate armour for 884 gold pieces
 30047 | Orc:2    | Upgraded the game from 0.27-a0-1565-gad902ab807 to
                  | 0.27-a0-1591-gc56fcc985a
 30249 | Swamp:1  | Entered Level 1 of the Swamp
 30280 | Swamp:1  | Reached skill level 10 in Stealth
 31713 | Swamp:2  | Noticed Louise
 31732 | Swamp:2  | Killed Louise
 32010 | Swamp:3  | Noticed Bai Suzhen
 32020 | Swamp:3  | Killed Bai Suzhen
 32156 | Swamp:3  | Reached skill level 11 in Shields
 32548 | Swamp:3  | Noticed Mara
 32551 | Swamp:3  | Noticed Wyvernaa's illusion
 32947 | Swamp:3  | Killed Mara
 32948 | Swamp:3  | Reached skill level 10 in Fighting
 33151 | Swamp:3  | Upgraded the game from 0.27-a0-1591-gc56fcc985a to
                  | 0.27-a0-1595-g0b823d0a13
 33351 | Swamp:3  | Reached XP level 18. HP: 82/93 MP: 36/36
 33727 | Swamp:4  | Entered Level 4 of the Swamp
 33734 | Swamp:4  | Reached skill level 1 in Maces & Flails
 34241 | Swamp:4  | Reached skill level 12 in Shields
 35213 | Swamp:4  | Noticed Nikola
 35228 | Swamp:4  | Killed Nikola
 35840 | Swamp:4  | Found a blossoming altar of Fedhas.
 36533 | Swamp:4  | Got a decaying rune of Zot
 36557 | Swamp:4  | Found a basalt altar of Yredelemnul.
 36829 | Spider:1 | Entered Level 1 of the Spider Nest
 37168 | Spider:1 | Reached XP level 19. HP: 95/99 MP: 34/37
 37370 | Spider:2 | Reached skill level 13 in Shields
 38021 | Spider:3 | Noticed Donald
 38041 | Spider:3 | Killed Donald
 38072 | Spider:3 | Noticed Arachne
 38092 | Spider:3 | Killed Arachne
 38490 | Spider:3 | Identified the +7 rapier of the Absolute Madman {vorpal,
                  | MP+9 Int+6}
 38768 | Spider:4 | Entered Level 4 of the Spider Nest
 39331 | Spider:4 | Reached skill level 14 in Shields
 40248 | Spider:4 | Got a gossamer rune of Zot
 40985 | Vaults:1 | Entered Level 1 of the Vaults
 41594 | Vaults:1 | Reached XP level 20. HP: 97/105 MP: 39/39
 41607 | Vaults:1 | Reached skill level 5 in Maces & Flails
 42306 | Vaults:2 | Reached skill level 15 in Shields
 42643 | Vaults:2 | Got the Compendium of Feathery Venom
 42778 | Vaults:2 | HP: 5/106 [ironbound convoker (3)]
 44048 | Vaults:3 | Noticed Margery
 44063 | Vaults:3 | Killed Margery
 44273 | Vaults:3 | Found a magical portal.
 44277 | WizLab   | Entered Wucad Mu's Monastery
 45141 | WizLab   | Found the +9 staff of Wucad Mu {*channel}
 45220 | WizLab   | HP: 7/160 [deep troll[old memories] (9)]
 45220 | WizLab   | HP: 3/160 [deep troll[old memories] (4)]
 45221 | WizLab   | Slain by a grey draconian monk

Illustrated notes

Levels and vault maps discovered:
D:1:      nzn_arrival_crosshair, layout_rooms
D:2:      minmay_spotlight, layout_basic, ebering_ecumenical_altar_rust
D:3:      layout_basic
D:4:      layout_cave_pools, nicolae_tso_besieged_by_evil,
          nicolae_qazlal_style_of_elements
D:5:      layout_gridville, lemuel_tele_altar, minmay_temple_entry_butterflies
D:6:      layout_basic, tgw_trog, lemuel_coloured_pillars_altar
D:7:      layout_cave_pods, makhleb_altar_promises_db,
          nicolae_overflow_hidden_temple
D:8:      layout_basic, mainiacjoe_overflow_concentric_impassable,
          kennysheep_small_circle, uniq_grum
D:9:      layout_rooms, nicolae_ru_the_path_less_chosen
D:10:     layout_rooms, mainiacjoe_overflow_alcove_4, lair_entry_dummy,
          minmay_orc_entry_guard_dogs, amcnicky_mini_rare_corridor_liquid
D:11:     layout_gridville, gauntlet_entry_generic, grunt_ministairs_15,
          okawaru_ov_weapons_minmay
D:12:     kennysheep_windowed_halls, layout_rooms, serial_curves,
          eino_curves_01, eino_curves_02, uniq_maurice
D:13:     minmay_the_grid_3x2 [minmay_the_grid_outer_circle,
          minmay_the_grid_embedded, minmay_the_grid_expand, minmay_the_grid_x,
          minmay_the_grid_tri_star, minmay_the_grid_prize_four_corners],
          layout_rooms, erik_vaults_2, nicolae_trove_entry_crystal
D:14:     layout_small_grid, kiku_gazebo_pond_becter,
          portal_ice_cave_entry_horrid_things, grunt_ministairs_10, uniq_azrael
D:15:     grunt_enter_depths_giant_problem, layout_gridville,
          hangedman_decor_clover_reticule, minmay_statues_item, minivault_12
Temple:   jpeg_temple_island
Lair:1:   layout_gridlike, grunt_megastairs_4
Lair:2:   layout_gridlike, minmay_swamp_entry_worms, infiniplex_staircase_pool_2
Lair:3:   hangedman_what_comes_after_a, layout_chaotic_city,
          infiniplex_staircase_pool, uniq_snorg
Lair:4:   wad_woods_structure_01, layout_cave_pods, spider_nest_entry_webs
Lair:5:   layout_hall_layers, slime_altar_1
Lair:6:   evil_forest, layout_cellular_growth, nicolae_volcano_entry_lava_flow,
          serial_bayou_shore_a
Swamp:1:  layout_falls_marsh, nicolae_swamp_tree_designs, swamp_pool1,
          hangedman_swamp_wriggling
Swamp:2:  layout_basic_swamp, evilmike_swamp_ruin_house_1, swamp_pool4,
          nicolae_swamp_dragon_and_kin, uniq_louise
Swamp:3:  nicolae_swamp_flooded_prison, layout_basic_swamp,
          evilmike_swamp_ruin_house_2, uniq_mara, uniq_bai_suzhen
Swamp:4:  byrel_swamp_growth_death_and_undeath, layout_basic_swamp, swamp_pool1,
          worms_lemuel, uniq_nikola
Spider:1: layout_spider_delve
Spider:2: layout_spider_delve
Spider:3: layout_spider_delve, drop_trap, uniq_arachne, uniq_donald
Spider:4: grunt_spider_rune_circles, drop_trap, nicolae_spider_bzzzt
Orc:1:    layout_diamond_mine
Orc:2:    kennysheep_orc_mage_school, layout_caves, serial_shops,
          nicolae_diamond_shop
Vaults:1: ontoclasm_vaults_ring_large, nicolae_vaults_disjoint_gnomons,
          v_alt_pattern_1, nicolae_vaults_circle_grid_b,
          ontoclasm_vaults_ligature, nicolae_vaults_network_quinsquares
          [nicolae_vaults_network_quincunx_subvault,
          nicolae_vaults_network_quincunx_subvault,
          nicolae_vaults_network_quincunx_subvault,
          nicolae_vaults_network_quincunx_subvault], vaults_dpeg_ring,
          ontoclasm_vaults_shuriken, v_misc_8, nicolae_vaults_little_squares_6,
          v_misc_15, layout_vaults_omnicross, serial_glass
Vaults:2: v_alt_pattern_6, nicolae_vaults_theta, vaults_room_pool,
          nicolae_vaults_inception_statues, vaults_room_door_ring,
          nicolae_vaults_know_your_exits, vaults_dpeg_diagonal, v_misc_2,
          ontoclasm_vaults_decontamination, nicolae_vaults_little_squares_6,
          hangedman_vaults_impose, nicolae_vaults_shelves_hall,
          vaults_room_door_ring, nicolae_vaults_sealed_display,
          layout_vaults_omnibox
Vaults:3: minmay_crypt_entry_necro_gods, v_misc_13,
          vaults_mumra_minichess_inversion, nicolae_vaults_little_squares_3,
          grunt_vaults_focal, nicolae_vaults_little_squares_4,
          grunt_vaults_funnel, v_misc_15, ontoclasm_vaults_eye,
          layout_vaults_big_room, mu_enter_wizlab_7, uniq_margery
WizLab:   wizlab_wucad

Skill      XL: |  1  2  3  4  5  6  7  8  9 10 11 12 13 14 15 16 17 18 19 20 |
---------------+-------------------------------------------------------------+-----
Fighting       | 3 4 5 6 7 8 9 10 11 12 | 12.2
Short Blades   | 2 3 4 6 7 8 9 10 11 12 13 | 13.8
Armour         | 3 4 5 6 7 8 9 10 11 | 11.7
Shields        | 3 4 5 6 7 8 9 10 11 12 14 15 | 15.8
Spellcasting   | 1 2 3 4 5 6 8 9 10 11 12 13 14 | 14.6
Dodging        | 1 2 3 4 |  4.6
Evocations     | 1 2 |  2.9
Stealth        | 2 3 4 5 6 7 8 9 10 | 10.3
Invocations    | 1 4 6 7 8 10 11 12 13 | 13.4
Long Blades    | 3 |  3.2
Maces & Flails | 3 4 6 |  6.1

Action                   |  1- 3 |  4- 6 |  7- 9 | 10-12 | 13-15 | 16-18 | 19-21 || total
-------------------------+-------+-------+-------+-------+-------+-------+-------++-------
Melee: Rapier            |    90 |   140 |   345 |   604 |  1181 |  1552 |  1590 ||  5502
       Bite              |    22 |    47 |   126 |   205 |   686 |   684 |   702 ||  2472
       Scimitar          |       |       |       |       |    91 |       |       ||    91
       Demon whip        |       |       |       |       |       |    14 |       ||    14
Invok: Grand Finale      |       |       |       |       |       |     1 |     1 ||     2
       Line Pass         |       |       |       |       |       |     1 |       ||     1
Evoke: Wand              |       |     4 |     5 |    19 |    31 |     2 |     1 ||    62
  Use: Scroll            |     5 |     8 |     7 |    16 |    18 |     8 |    11 ||    73
       Potion            |       |     1 |       |     1 |     1 |     7 |     5 ||    15
 Stab: Paralysed         |       |       |     6 |    22 |    51 |    96 |    88 ||   263
       Fleeing           |       |       |       |     1 |       |       |       ||     1
       Sleeping          |       |       |       |       |     3 |     5 |       ||     8
       Petrified         |       |       |       |       |     1 |       |       ||     1
       Distracted        |       |       |       |       |       |     3 |       ||     3
       Invisible         |       |       |       |       |       |     2 |       ||     2
Armor: Scale mail        |    32 |    24 |       |       |       |   140 |       ||   196
       Chain mail        |       |    36 |   154 |   294 |   458 |   119 |       ||  1061
       Plate armour      |       |       |       |       |       |   686 |   963 ||  1649
       Skin              |       |       |       |       |       |       |     3 ||     3
Dodge: Dodged            |    20 |    34 |    81 |   165 |   319 |   410 |   337 ||  1366
       Repelled          |       |       |       |     4 |     7 |    27 |       ||    38
Block: Kite shield       |    38 |    65 |   166 |   320 |   627 |   397 |       ||  1613
       Tower shield      |       |       |       |       |       |   704 |  1910 ||  2614
       Reflection        |       |       |       |       |       |       |     4 ||     4
       Rpst.: Scimitar   |       |       |       |       |     6 |       |       ||     6

Table legend: (Time is in decaauts)
 A = Elapsed time spent in this place.
 B = Non-inter-level travel time spent in this place.
 C = Inter-level travel time spent in this place.
 D = Time resting spent in this place.
 E = Time spent auto-exploring this place.
 F = Levels seen in this place.
 G = Mean time per level.
                   A        B        C        D        E       F      G
               +--------+--------+--------+--------+--------+-----+--------+
         Total |  44284 |  41477 |   2807 |   8614 |  19060 |  38 | 1165.4 |
       Dungeon |  17276 |  16091 |   1185 |   3161 |   8186 |  15 | 1151.7 |
        Temple |    527 |    473 |     54 |      0 |    468 |   1 |  527.0 |
          Lair |   9671 |   8972 |    699 |   1716 |   3704 |   6 | 1611.8 |
         Swamp |   6283 |   6152 |    131 |   2294 |   2260 |   4 | 1570.8 |
   Spider Nest |   3494 |   3274 |    220 |    488 |   1707 |   4 |  873.5 |
  Orcish Mines |   1819 |   1638 |    181 |    270 |    904 |   2 |  909.5 |
        Vaults |   2973 |   2638 |    335 |     49 |   1705 |   3 |  991.0 |
       Volcano |    469 |    469 |      0 |     76 |     67 |   1 |  469.0 |
        Wizlab |    775 |    775 |      0 |     92 |      0 |   1 |  775.0 |
      Gauntlet |    991 |    991 |      0 |    466 |     59 |   1 |  991.0 |
               +--------+--------+--------+--------+--------+-----+--------+

Top non-repeatable levels by time:
  Lair:4: 3615 daAuts
 Swamp:3: 2619 daAuts
 Swamp:4: 1789 daAuts
    D:14: 1745 daAuts
    D:13: 1719 daAuts
     D:6: 1626 daAuts
  Lair:3: 1613 daAuts
    D:12: 1564 daAuts
    D:15: 1512 daAuts
Spider:3: 1511 daAuts
Vaults:2: 1436 daAuts
  Lair:6: 1384 daAuts
Vaults:1: 1316 daAuts
     D:8: 1308 daAuts
     D:3: 1250 daAuts
